 Dungeon Crawl Stone Soup version 0.29.1-2-gbd0b4ee654 (webtiles) character file.

Game seed: 16649726015601742699

8800 whiskeysaurus the Destroyer (level 11, -17/66 HPs)
             Began as a Yellow Draconian Conjurer on Nov 23, 2022.
             Was a Follower of Hepliaklqana.
             Shot with an arrow by a centaur warrior (21 damage)
             ... on level 9 of the Dungeon.
             The game lasted 00:45:31 (11853 turns).

whiskeysaurus the Destroyer (DrCj)                 Turns: 11853, Time: 00:45:31

Health: -17/66     AC:  7    Str:  9    XL:     11   Next: 14%
Magic:  2/33       EV: 14    Int: 33    God:    Hepliaklqana [*.....]
Gold:   187        SH:  0    Dex: 11    Spells: 10/28 levels left

rFire   . . .      SeeInvis +   q - +11 dagger "Dragon's Curse" {vamp, *Slow Int+5 SInv}
rCold   . . .      Faith    .   (no shield)
rNeg    . . .      Spirit   .   (body armour unavailable)
rPois   .          Reflect  .   (helmet restricted)
rElec   .          Harm     .   (no cloak)
rCorr   +          Rampage  .   (no gloves)
Will    .....                   (no boots)
Stlth   +++.......              B - amulet of magic regeneration
HPRegen 0.21/turn               b - +6 ring of intelligence
MPRegen 0.63/turn               g - ring of magical power

@: no status effects
A: reduced essence, spit acid, AC +7, unfitting armour, cold-blooded, acid
resistance
a: Breathe Acid, Renounce Religion, Recall Ancestor, Ancestor Identity


You were on level 9 of the Dungeon.
You worshipped Hepliaklqana.
Hepliaklqana was aware of your devotion.
You visited 2 branches of the dungeon, and saw 10 of its levels.

You collected 517 gold pieces.
You spent 330 gold pieces at shops.

Inventory:

Hand Weapons
 k - a +0 dagger
 q - the +11 dagger "Dragon's Curse" (weapon) {vamp, *Slow Int+5 SInv}
   (You found it on level 2 of the Dungeon)

   It occasionally heals its wielder for a portion of the damage dealt when it
   wounds a living foe.
   Int:       It affects your intelligence (+5).
   SInv:      It lets you see invisible.
   *Slow:     It may slow you when you take damage.
 z - a +6 scimitar
 A - the +5 dagger of Reapportionment {holy, rCorr Str+4 Stlth+}
   (You found it on level 7 of the Dungeon)

   It has been blessed by the Shining One to cause great damage to the undead
   and demons.
   Str:       It affects your strength (+4).
   rCorr:     It protects you from acid and corrosion.
   Stlth:     It makes you more stealthy.
Missiles
 u - 71 stones
Jewellery
 b - a +6 ring of intelligence (left hand)
 g - a ring of magical power (right hand)
 h - a ring of flight
 m - a ring of positive energy
 x - a +4 ring of slaying
 B - an amulet of magic regeneration (around neck)
 D - a +4 ring of protection
Wands
 i - a wand of paralysis (5)
 E - a wand of iceblast (4)
 F - a wand of flame (16)
Scrolls
 e - a scroll of enchant armour {unknown}
 p - 4 scrolls of magic mapping
 s - a scroll of butterflies {unknown}
 t - a scroll of amnesia {unknown}
 y - 3 scrolls of vulnerability
 C - a scroll of identify
 G - a scroll of immolation {unknown}
Potions
 a - a potion of magic
 c - a potion of attraction {unknown}
 d - 2 potions of lignification {unknown}
 f - 3 potions of curing
 j - 2 potions of might
 l - 4 potions of heal wounds
 o - 3 potions of haste {unknown}
 v - 2 potions of brilliance {unknown}
 w - a potion of berserk rage {unknown}


   Skills:
 + Level 6.1 Dodging
 - Level 5.0 Stealth
 + Level 9.1 Spellcasting
 * Level 14.0 Conjurations
 - Level 2.0 Hexes
 - Level 5.0 Translocations
 + Level 2.9 Earth Magic


You had 10 spell levels left.
You knew the following spells:

 Your Spells              Type           Power      Damage    Failure   Level
a - Magic Dart            Conj           100%       1d8       0%          1
b - Searing Ray           Conj           100%       2d8       0%          2
c - Stone Arrow           Conj/Erth      100%       3d13      1%          3
d - Iskenderun's Mystic   Conj/Tloc      67%        2d14      1%          4
e - Fulminant Prism       Conj/Hex       30%        3d16      1%          4
f - Passage of Golubria   Tloc           48%        N/A       4%          4

Your spell library contained the following spells:

 Spells                   Type           Power      Damage    Failure   Level
 Dazzling Flash           Conj/Hex       100%       N/A       1%          3
 Silence                  Hex/Air        10%        N/A       50%         5
 Lehudib's Crystal Spear  Conj/Erth      31%        10d8      99%         8
 Animate Armour           Summ/Erth      Unusable   N/A       N/A         4

Dungeon Overview and Level Annotations

Branches:
Dungeon (9/15)             Temple (1/1) D:5            Lair (0/5) D:9
    Orc (0/2) D:9

Altars:
Ashenzari
Cheibriados
Dithmenos
Elyvilon
Fedhas
Gozag
Hepliaklqana
Kikubaaqudgha
Makhleb
Nemelex Xobeh
Okawaru
Qazlal
Ru
Sif Muna
Trog
Uskayaw
Vehumet
Wu Jian
Xom
Yredelemnul
Zin
The Shining One

Shops:
D:1 (*([   D:6 =:   D:7 *

Annotations:
D:4 Edmund


Innate Abilities, Weirdness & Mutations

Your life essence is reduced to manifest your ancestor. (-10% HP)
You can spit globs of acid.
Your golden yellow scales are hard. (AC +7)
You cannot fit into any form of body armour.
You are cold-blooded and may be slowed by cold attacks.
You are resistant to acid. (rCorr)


Message History

Okay, then.
Okay, then.
Casting: Iskenderun's Mystic Blast (dangerous; 1% risk of failure)
Confirm with . or Enter, or press ? or * to list all spells.
Okay, then.
Casting: Iskenderun's Mystic Blast (dangerous; 1% risk of failure)
Confirm with . or Enter, or press ? or * to list all spells.
Okay, then.
Okay, then.
Okay, then.
Blink to where?
Press: ? - help, Dir - move target
As you read the scroll of blinking, it crumbles to dust.
The orc wizard mumbles some strange words.
The orc wizard flickers and vanishes for a moment.
Casting: Iskenderun's Mystic Blast (dangerous; 1% risk of failure)
Confirm with . or Enter, or press ? or * to list all spells.
Okay, then.
Okay, then.
Blink to where?
Press: ? - help, Dir - move target
Found a staircase to the Lair.
As you read the scroll of blinking, it crumbles to dust.
Casting: Iskenderun's Mystic Blast (dangerous; 1% risk of failure)
Confirm with . or Enter, or press ? or * to list all spells.
Aiming: Passage of Golubria (dangerous; 4% risk of failure)
Press: ? - help, Dir - move target The killer bee barely misses you.
The killer bee attacks as you move away!
The killer bee stings you but does no damage.
The killer bee stings you.
* * * LOW HITPOINT WARNING * * *
The killer bee attacks as you move away!
The killer bee closely misses you.
You enter the passage of Golubria.
There is a passage of Golubria here.
A centaur warrior comes into view.
The centaur warrior shouts!
The centaur warrior wields a +4 longbow.
The centaur warrior shoots an arrow.
The arrow hits you!!
You die...

##.##.#.## #.#
##.#.###c########.#
##..## ##hc.......#
##.#.###.########.#
##....#.........#.#
#####...#######.#.# #
##..# #.#.## #
##.#######..[.#
.########y...<..@^.#
##.....#8..).###...#
#...))#...).###...#
#.)_).)).>........#
#...).#..)...##)#.##
#.....#8.....##))..###.#
########...............#
###.####.c..##### #.#
#.#.##


You could see a centaur warrior and a killer bee.

Vanquished Creatures
  An ugly thing (D:6)
  A troll (D:6)
  2 wraiths
  3 yaks
  2 steam dragons (D:7)
  Grum (D:8)
  A vampire mosquito (D:6)
  2 water moccasins
  An orc warrior (D:8)
  2 black bears (D:9)
  A sky beast (D:7)
  2 ice beasts (D:7)
  3 ogres
  3 wolves (D:8)
  2 centaurs
  A phantom (D:5)
  A kobold brigand (D:8)
  8 bullfrogs
  A necrophage (D:5)
  4 scorpions
  4 wights (D:7)
  2 killer bees (D:9)
  2 jellies
  9 orc priests
  A gnoll bouda (D:9)
  2 hounds (D:5)
  Terence (D:2)
  5 iguanas
  10 orc wizards
  3 gnolls (D:9)
  10 adders
  2 shadow imps
  A white imp (D:7)
  A worm (D:3)
  3 dart slugs
  41 orcs
  4 ball pythons (D:2)
  5 bats
  10 endoplasms
  2 giant cockroaches
  2 goblins
  7 hobgoblins
  12 kobolds
  3 quokkas
  2 frilled lizards (D:1)
  2 rats
188 creatures vanquished.

Vanquished Creatures (collateral kills)
  A yak (D:8)
  An orc warrior (D:8)
  An iguana (D:7)
  An orc (D:8)
  A kobold (D:8)
5 creatures vanquished.

Vanquished Creatures (others)
  4 ancestors
  76 fulminant prisms
  70 fungi
  72 plants
222 creatures vanquished.

Grand Total: 415 creatures vanquished

Notes
Turn   | Place    | Note
-------+----------+-------------------------------------------
     0 | D:1      | whiskeysaurus the Draconian Conjurer began the quest for
                  | the Orb.
     0 | D:1      | Reached XP level 1. HP: 14/14 MP: 3/3
   160 | D:1      | Found Ivaon's Antique Weapon Shop.
   230 | D:1      | Found Biddaohoa's Assorted Antiques.
   317 | D:1      | Reached XP level 2. HP: 20/20 MP: 1/5
   473 | D:1      | Found Qiwyzer's Antique Armour Emporium.
   530 | D:1      | Found Muliudel's Antique Weapon Emporium.
  1427 | D:2      | Reached XP level 3. HP: 26/26 MP: 1/6
  1624 | D:2      | Noticed Terence
  1944 | D:2      | Identified the +11 dagger "Dragon's Curse" {vamp, *Slow
                  | Int+5 SInv}
  2440 | D:3      | Reached skill level 1 in Hexes
  2687 | D:3      | Reached XP level 4. HP: 33/33 MP: 1/7
  3021 | D:3      | Found a faded altar of an unknown god.
  3340 | D:4      | Noticed a scorpion
  3477 | D:4      | Reached XP level 5. HP: 20/38 MP: 4/8
  3481 | D:4      | Reached skill level 5 in Conjurations
  3544 | D:4      | Noticed an ogre
  3762 | D:4      | Found a snail-covered altar of Cheibriados.
  3763 | D:4      | Found a burning altar of Makhleb.
  3764 | D:4      | Found a glowing golden altar of the Shining One.
  3764 | D:4      | Found an ornate altar of the Wu Jian Council.
  3767 | D:4      | Found a bloodstained altar of Trog.
  3918 | D:4      | Learned a level 2 spell: Searing Ray
  3983 | D:4      | Killed an ogre
  3984 | D:4      | Reached XP level 6. HP: 45/45 MP: 3/10
  4052 | D:4      | Reached skill level 1 in Translocations
  4135 | D:4      | Noticed Edmund
  4905 | D:2      | Killed Terence
  5382 | D:5      | Entered Level 5 of the Dungeon
  5382 | D:5      | Found a staircase to the Ecumenical Temple.
  5395 | Temple   | Entered the Ecumenical Temple
  6006 | D:5      | Learned a level 3 spell: Stone Arrow
  6053 | D:5      | Your scales start taking on a golden yellow colour.
  6053 | D:5      | Reached XP level 7. HP: 50/50 MP: 3/11
  6053 | D:5      | Gained mutation: You are resistant to acid. (rCorr) [Yellow
                  | Draconian growth]
  6132 | D:5      | Reached skill level 6 in Conjurations
  6382 | D:5      | Found an iron altar of Okawaru.
  6519 | D:5      | Found a sparkling altar of Nemelex Xobeh.
  6521 | D:5      | Found a hazy altar of Hepliaklqana.
  7635 | D:6      | Learned a level 4 spell: Iskenderun's Mystic Blast
  7706 | D:6      | Noticed a white ugly thing
  8061 | D:6      | Reached XP level 8. HP: 57/57 MP: 6/13
  8343 | D:5      | Became a worshipper of Hepliaklqana the Forgotten
  8352 | D:5      | Reached skill level 12 in Conjurations
  8352 | D:5      | Reached XP level 9. HP: 62/62 MP: 13/20
  8353 | D:5      | Reached skill level 5 in Dodging
  8353 | D:5      | Reached skill level 13 in Conjurations
  8353 | D:5      | Reached XP level 10. HP: 69/69 MP: 13/22
  8407 | D:5      | Learned a level 4 spell: Fulminant Prism
  8412 | D:5      | Learned a level 4 spell: Passage of Golubria
  8608 | D:6      | Reached skill level 5 in Translocations
  8915 | D:6      | Found Hipeu's Book Shoppe.
  9307 | D:6      | Found Pana Guelo's Jewellery Boutique.
  9358 | D:6      | Killed a white ugly thing
  9359 | D:6      | Reached skill level 1 in Earth Magic
  9989 | D:7      | Found a glowing silver altar of Zin.
 10068 | D:7      | Found Onuenops's General Store.
 10073 | D:7      | Identified the +5 dagger of Reapportionment {holy, rCorr
                  | Str+4 Stlth+}
 10114 | D:7      | Bought an amulet of magic regeneration for 330 gold pieces
 10267 | D:7      | Reached * piety under Hepliaklqana
 11083 | D:8      | Found a broken altar of Ashenzari.
 11179 | D:8      | Noticed Grum
 11188 | D:8      | Killed Grum
 11190 | D:8      | Reached skill level 5 in Stealth
 11539 | D:9      | Reached XP level 11. HP: 66/66 MP: 23/24
 11673 | D:9      | Noticed a deep elf pyromancer
 11678 | D:9      | Found a staircase to the Orcish Mines.
 11814 | D:9      | Reached skill level 14 in Conjurations
 11849 | D:9      | Found a staircase to the Lair.
 11851 | D:9      | HP: 3/66 [killer bee (2)]
 11853 | D:9      | Noticed a centaur warrior
 11853 | D:9      | Shot with an arrow by a centaur warrior

Illustrated notes

Levels and vault maps discovered:
D:1:      denvon_arrival_waterhouse, layout_basic, serial_shops, shop, shop,
          shop, nicolae_shop_overgrown_old_shop
D:2:      layout_basic, uniq_terence
D:3:      layout_loops_ring, dilly_ecumenical_altar_fadedgnrine, serial_bayou,
          serial_bayou_ford_a, serial_bayou_pond_e, serial_bayou_lagoon_a,
          serial_bayou_pond_a
D:4:      layout_loops_ring, minitemple, uniq_edmund
D:5:      nicolae_cairo_tiling_very_big, layout_loops_cross,
          nicolae_overflow_hidden_temple, okawaru_metal_pillars_1_2,
          minmay_temple_entry_drinking_statues, guppyfry_early_lair_pool
D:6:      layout_gridville, serial_shops, shop, minmay_shop_enchanted_jewellery,
          chequers_serial_rivers_micro_a, corexii_checkpoint_b,
          chequers_serial_rivers_micro_d, kb_rosetta
D:7:      layout_rooms, mainiacjoe_overflow_cross_hatched, serial_rivers,
          chequers_serial_rivers_micro_a, chequers_serial_rivers_micro_d,
          chequers_serial_rivers_small_b, chequers_serial_rivers_room_b,
          serial_shops, shop, kennysheep_generic_room_16
D:8:      layout_basic, mainiacjoe_overflow_boulevard, uniq_grum
D:9:      layout_loops_ring, due_lair_maze_entry_diamond,
          minmay_orc_entry_temple_small, minmay_shattered_shrine
Temple:   chequers_temple_sunken

Skill      XL: |  1  2  3  4  5  6  7  8  9 10 11 |
---------------+----------------------------------+-----
Stealth        | 2 3 4 5 |  5.0
Dodging        | 2 3 5 6 |  6.1
Hexes          | 1 2 |  2.0
Conjurations   | 5 6 12 13 14 | 14.0
Spellcasting   | 3 7 8 9 |  9.1
Translocations | 1 2 4 5 |  5.0
Earth Magic    | 2 |  2.9

Action                   |  1- 3 |  4- 6 |  7- 9 | 10-12 || total
-------------------------+-------+-------+-------+-------++-------
Melee: Unarmed           |     1 |       |       |       ||     1
       Dagger            |       |     1 |     7 |     2 ||    10
       Tailslap          |       |       |     2 |       ||     2
 Cast: Magic Dart        |    93 |    74 |    45 |    45 ||   257
       Searing Ray       |       |     8 |    10 |     9 ||    27
       Stone Arrow       |       |     1 |     8 |     1 ||    10
       Iskenderun's Myst |       |       |     1 |    11 ||    12
       Fulminant Prism   |       |       |       |    76 ||    76
       Passage of Golubr |       |       |       |     7 ||     7
  Use: Scroll            |       |       |     9 |     6 ||    15
       Potion            |       |       |     2 |       ||     2
Armor: Skin              |     5 |     4 |     3 |     5 ||    17
Dodge: Dodged            |     5 |     6 |    17 |    30 ||    58
